 Dungeon Crawl Stone Soup version 0.23.2-1-ga50397a (webtiles) character file.

Game seed: 12899003943975713284

175 kae the Conjurer (level 5, 0/31 HPs)
             Began as an Octopode Conjurer on May 11, 2019.
             Succumbed to an orc priest's poison
             ... on level 3 of the Dungeon.
             The game lasted 00:06:16 (2998 turns).

kae the Conjurer (Octopode Conjurer)                Turns: 2998, Time: 00:06:16

Health: 0/31       AC:  1    Str:  7    XL:     5   Next: 55%
Magic:  1/9        EV: 13    Int: 19    God:
Gold:   142        SH:  0    Dex: 12    Spells: 0/10 levels left

rFire    . . .     SeeInvis .   (no weapon)
rCold    + . .     Gourm    +   (no shield)
rNeg     . . .     Faith    .   (helmet restricted)
rPois    .         Spirit   .   k - amulet of the gourmand
rElec    .         Reflect  .   j - ring of resist corrosion
rCorr    +         Harm     .   (no ring)
MR       .....                  n - ring of protection from cold
Stlth    +++.......             (no ring)
HPRegen  0.10/turn              (no ring)
MPRegen  0.11/turn              (no ring)
                                (no ring)
                                (no ring)

@: lethally poisoned (0 -> -16)
A: almost no armour, stealthy swim, amphibious, 8 rings, constrict 8, camouflage
1, gelatinous body 1
a: no special abilities


You were on level 3 of the Dungeon.
You were not hungry.

You visited 1 branch of the dungeon, and saw 3 of its levels.

You collected 142 gold pieces.

Inventory:

Jewellery
 d - an uncursed amulet of guardian spirit {unknown}
 j - a ring of resist corrosion (left tentacle)
 k - an amulet of the gourmand (around mantle)
 n - a ring of protection from cold (on tentacle)
Wands
 a - a wand of enslavement (10)
Scrolls
 g - 2 scrolls of fear
 o - a scroll of blinking
 p - a scroll of fog {unknown}
 q - a scroll of teleportation
Potions
 e - 3 potions of agility
 h - 2 potions of might
 i - 2 potions of curing {unknown}
 l - a potion of lignification {unknown}
 m - a potion of degeneration {unknown}
Comestibles
 b - 3 rations


   Skills:
 - Level 2.0 Dodging
 - Level 2.6 Stealth
 + Level 3.3 Spellcasting
 * Level 5.9 Conjurations


You couldn't memorise any spells.
You knew the following spells:

 Your Spells              Type           Power        Failure   Level  Hunger
a - Magic Dart            Conj           ####         1%          1    None
b - Searing Ray           Conj           ####..       1%          2    ##.....
c - Dazzling Spray        Conj/Hex       ##....       13%         3    ###....
d - Iskenderun's Mystic   Conj           ####....     13%         4    ####...

Your spell library contained the following spells:

 Spells                   Type           Power        Failure   Level  Hunger
 Conjure Flame            Conj/Fire      ##......     13%         3    ###....
 Mephitic Cloud           Conj/Pois/Air  ##......     21%         3    ###....
 Blink                    Tloc           N/A          22%         2    ##.....
 Call Imp                 Summ           #.......     22%         2    ##.....
 Slow                     Hex            #.......     22%         2    ##.....
 Force Lance              Conj/Tloc      ##......     41%         4    ####...
 Fulminant Prism          Conj/Hex       ##........   41%         4    ####...


Dungeon Overview and Level Annotations

Branches:
Dungeon (3/15)

Altars:
Makhleb
Nemelex Xobeh
Wu Jian


Innate Abilities, Weirdness & Mutations

You cannot wear most types of armour.
You are very stealthy in the water. (Stealth+)
You are amphibious.
You can wear up to eight rings at the same time.
You can use your tentacles to constrict eight enemies at once.
Your skin changes colour to match your surroundings (Stealth+).
Your rubbery body absorbs attacks. (AC +1, EV +1)


Message History

You tentacle-slap the orc priest. You squeeze the orc priest.
The orc priest is almost dead.
You constrict the orc priest.
* * * LOW HITPOINT WARNING * * *
You feel sick.
The orc priest hits you with a +2 flail of venom.
* * * LOW HITPOINT WARNING * * *
You are more poisoned.
You tentacle-slap the orc priest but do no damage.
The orc priest is almost dead.
You constrict the orc priest.
You kill the orc priest!
* * * LOW HITPOINT WARNING * * *
You feel sick.
It was a potion of cancellation.
Your magical effects are unravelling.
You feel magically purged.
Your magical contamination has completely faded away.
You flicker back into view.
You die...

#.#
#.......#
#.#
##......#
#<#
#......#
###
##..####
#..# #..#
#.>#.......
##.#.......
#@#.......
#)#.......
#g#g......
#.#.......
#.#.......
#.'..o....
###.o.....
#####.#


You could see a goblin (wandering).

Vanquished Creatures
  A crimson imp (D:2)
  An orc priest (D:3)
  2 gnolls (D:2)
  3 adders
  An ooze (D:2)
  A dart slug (D:1)
  3 leopard geckos
  3 orcs (D:3)
  3 bats
  5 giant cockroaches
  7 goblins
  6 hobgoblins
  4 jackals (D:1)
  5 kobolds
  A frilled lizard (D:1)
  7 rats
53 creatures vanquished.

Notes
Turn   | Place    | Note
-------+----------+-------------------------------------------
     0 | D:1      | kae the Octopode Conjurer began the quest for the Orb.
     0 | D:1      | Reached XP level 1. HP: 11/11 MP: 3/3
   182 | D:1      | Reached XP level 2. HP: 17/17 MP: 3/5
   280 | D:1      | Learned a level 2 spell: Searing Ray
   868 | D:1      | Reached XP level 3. HP: 21/21 MP: 4/6
   937 | D:1      | Learned a level 3 spell: Dazzling Spray
  1500 | D:2      | Reached skill level 5 in Conjurations
  1619 | D:2      | Reached XP level 4. HP: 27/27 MP: 4/8
  2317 | D:2      | Found a burning altar of Makhleb.
  2317 | D:2      | Found a faded altar of an unknown god.
  2323 | D:2      | Found a sparkling altar of Nemelex Xobeh.
  2325 | D:2      | Found a faded altar of an unknown god.
  2327 | D:2      | Found an ornate altar of the Wu Jian Council.
  2395 | D:2      | Reached XP level 5. HP: 31/31 MP: 5/9
  2666 | D:3      | Learned a level 4 spell: Iskenderun's Mystic Blast
  2997 | D:3      | HP: 1/31 [poisoned by an orc priest]
  2998 | D:3      | Succumbed to an orc priest's poison

Skill      XL: |  1  2  3  4 |
---------------+-------------+-----
Conjurations   | 5 |  5.9
Spellcasting   | 3 |  3.3
Dodging        | |  2.0
Stealth        | |  2.6

Action                   |  1- 3 |  4- 6 || total
-------------------------+-------+-------++-------
Melee: Unarmed           |    40 |    21 ||    61
       Constrict         |     9 |     6 ||    15
       Tentacles         |     4 |     4 ||     8
 Cast: Magic Dart        |    59 |    45 ||   104
       Searing Ray       |       |     1 ||     1
  Use: Potion            |     1 |     3 ||     4
       Scroll            |     4 |     7 ||    11
 Stab: Invisible         |       |     1 ||     1
  Eat: Chunk             |     4 |     6 ||    10
Armor: Skin              |     5 |       ||     5
Dodge: Dodged            |    38 |    19 ||    57
